 Dungeon Crawl Stone Soup version 0.25-a0-690-g234afa57d4 (webtiles) character file.

Game seed: 14594034234670539783, levelgen mode: deterministic

9114 kae the Grappler (level 11, -8/82 HPs)
             Began as a Red Draconian Transmuter on Mar 30, 2020.
             Was an Elder of Hepliaklqana.
             Mangled by Snorg (12 damage)
             ... on level 10 of the Dungeon.
             The game lasted 00:12:29 (12495 turns).

kae the Grappler (Red Draconian Transmuter)        Turns: 12495, Time: 00:12:29

Health: -8/82      AC:  6    Str: 13    XL:     11   Next: 18%
Magic:  20/23      EV: 10    Int: 16    God:    Hepliaklqana [****..]
Gold:   582        SH:  0    Dex: 14    Spells: 11/26 levels left

rFire    x . .     SeeInvis .     - Unarmed
rCold    + + +     Gourm    .   (shield currently unavailable)
rNeg     . . .     Faith    .   (armour unavailable)
rPois    +         Spirit   .   (helmet currently unavailable)
rElec    .         Reflect  .   (cloak currently unavailable)
rCorr    .         Harm     .   (gloves currently unavailable)
MR       .....                  (boots currently unavailable)
Stlth    +.........             (no amulet)
HPRegen  0.23/turn              f - ring of wizardry
MPRegen  0.18/turn              k - +2 ring of dexterity

@: ice-form
A: large, (breathe fire), unfitting armour, reduced essence, AC +7
a: End Transformation, Recall Ancestor, Ancestor Identity, Transference,
Idealise, Renounce Religion


You were on level 10 of the Dungeon.
You worshipped Hepliaklqana.
Hepliaklqana was greatly pleased with you.
You were not hungry.
You were a creature of crystalline ice.
You visited 2 branches of the dungeon, and saw 11 of its levels.
You also visited: Sewer and Ossuary.

You collected 731 gold pieces.
You spent 149 gold pieces at shops.

Inventory:

Missiles
 a - 211 arrows
Armour
 g - a +0 pair of gloves of strength (melded)
 r - a +2 pair of gloves
Jewellery
 f - a ring of wizardry (left front paw)
 k - a +2 ring of dexterity (right front paw)
 t - an uncursed ring of magical power
 v - a +5 amulet of reflection
 x - a +3 ring of intelligence
Wands
 o - a wand of iceblast (10)
Scrolls
 b - a scroll of amnesia
 d - a scroll of enchant armour
 m - 6 scrolls of enchant weapon
 n - 5 scrolls of teleportation
 w - a scroll of magic mapping
 y - 3 scrolls of identify
 B - 2 scrolls of remove curse
 D - a scroll of blinking
Potions
 e - a potion of lignification
 h - 2 potions of curing
 i - 2 potions of invisibility
 j - 2 potions of brilliance
 l - 3 potions of haste
 p - 10 potions of flight
 q - 2 potions of heal wounds
 s - a potion of berserk rage
 u - 2 potions of mutation
 z - 3 potions of stabbing
 A - a potion of might
Comestibles
 c - 20 rations
 C - 10 chunks of flesh


   Skills:
 - Level 1.1 Fighting
 - Level 1.7 Dodging
 * Level 12.4 Unarmed Combat
 + Level 8.3 Spellcasting
 + Level 9.1 Transmutations


You had 11 spell levels left.
You knew the following spells:

 Your Spells              Type           Power        Failure   Level  Hunger
a - Beastly Appendage     Tmut           #####.       1%          1    None
b - Sticks to Snakes      Tmut           #####...     1%          2    None
c - Spider Form           Tmut/Pois      ###.......   1%          3    #......
d - Ice Form              Ice/Tmut       ###.....     7%          4    ###....
e - Blade Hands           Tmut           #####.....   2%          5    #####..

Your spell library contained the following spells:

 Spells                   Type           Power        Failure   Level  Hunger
 Corona                   Hex            #......      4%          1    None
 Foxfire                  Conj/Fire      #...         4%          1    None
 Blink                    Tloc           N/A          6%          2    None
 Ensorcelled Hibernation  Hex/Ice        #.....       6%          2    None
 Shroud of Golubria       Chrm/Tloc      #.....       6%          2    None
 Confusing Touch          Hex            #.......     13%         3    #......
 Conjure Flame            Conj/Fire      #.......     13%         3    #......
 Dazzling Flash           Conj/Hex       #.....       13%         3    #......
 Gell's Gravitas          Tloc           #.........   13%         3    #......
 Inner Flame              Hex/Fire       #.......     13%         3    #......
 Lesser Beckoning         Tloc           #.........   13%         3    #......
 Teleport Other           Tloc           #.......     13%         3    #......
 Tukima's Dance           Hex            #.......     13%         3    #......
 Hydra Form               Tmut           #####.....   16%         6    ######.
 Irradiate                Conj/Tmut      ###.......   19%         5    #####..
 Passage of Golubria      Tloc           N/A          38%         4    ###....
 Sticky Flame             Conj/Fire      #.......     38%         4    ###....
 Dragon Form              Tmut           #####.....   61%         7    #######
 Statue Form              Tmut/Erth      ###......    67%         6    ######.
 Fireball                 Conj/Fire      #.........   71%         5    #####..


Dungeon Overview and Level Annotations

Branches:
Dungeon (10/15)            Temple (1/1) D:4             Orc (0/2) D:9
  Sewer (visited)         Ossuary (visited)
   Lair: D:8-11

Altars:
Ashenzari
Gozag
Hepliaklqana
Kikubaaqudgha
Makhleb
Nemelex Xobeh
Qazlal
Ru
Sif Muna
Uskayaw

Shops:
D:5 [

Annotations:
D:8 Gastronok, Grum
D:10 Snorg


Innate Abilities, Weirdness & Mutations

((You can breathe blasts of fire.))
((Your fiery red scales are hard. (AC +7)))
You cannot fit into any form of body armour.
((Your flesh is heat resistant. (rF+)))
((You are cold-blooded and may be slowed by cold attacks.))
Your life essence is reduced to manifest your ancestor. (-10% HP)


Message History

Snorg bites you! Snorg claws you.
* * * LOW HITPOINT WARNING * * *
Snorg claws you.
* * * LOW HITPOINT WARNING * * *
Caliana hits Snorg with a +0 dagger of draining!
Caliana drains Snorg.
You pummel Snorg!! You freeze Snorg.
Snorg is heavily wounded.
You hear an angry hiss.
Snorg bites you!
* * * LOW HITPOINT WARNING * * *
Snorg barely misses you. x2
An adder comes into view.
Caliana barely misses Snorg.
You barely miss Snorg.
Snorg is heavily wounded.
Snorg bites you.
* * * LOW HITPOINT WARNING * * *
Snorg claws you!
You die...

############ ###########
...........###..R.......
##########......YT.#..
#####.###S# #.# .. #.#
... #.# #.. #.. . ###


You could see the friendly Caliana the hexer, Snorg (berserk) and an adder.

Vanquished Creatures
  3 two-headed ogres
  Erica (D:8)
  3 hippogriffs
  Prince Ribbit (D:9)
  Eustachio (D:4)
  A spriggan (D:9)
  6 orc warriors
  2 sky beasts
  An ice beast (D:9)
  A black bear (D:6)
  4 ogres
  An eye of draining (D:9)
  3 wolves
  3 centaurs
  2 big kobolds
  Blork the orc (D:6)
  4 bullfrogs
  7 scorpions
  4 killer bees (D:9)
  2 howler monkeys
  3 crimson imps
  3 hounds
  A bullfrog zombie (D:8)
  5 jellies
  9 orc priests
  A bullfrog skeleton (D:8)
  2 iguanas
  4 worker ants
  13 orc wizards
  A hound skeleton (D:4)
  2 mummies (Ossuary)
  13 adders
  6 gnolls
  A howler monkey skeleton (D:7)
  A river rat (Sewer)
  A shadow imp (D:9)
  2 oozes
  An adder skeleton (D:8)
  3 adder zombies
  3 worms
  A dart slug (D:1)
  7 leopard geckos
  33 orcs
  3 ball pythons
  4 bats
  6 giant cockroaches
  2 gnoll zombies (Ossuary)
  10 goblins
  8 hobgoblins
  11 jackals
  11 kobolds
  8 quokkas
  6 frilled lizards
  2 goblin zombies (Ossuary)
  3 hobgoblin zombies (Ossuary)
  A kobold zombie (Ossuary)
  2 orc zombies
  3 quokka zombies (Ossuary)
  18 rats
  3 rat zombies (Ossuary)
268 creatures vanquished.

Vanquished Creatures (collateral kills)
  An unseen horror (D:8)
  A hungry ghost (D:8)
  An ogre (D:8)
  A wolf (D:8)
  A gnoll sergeant (D:9)
  A killer bee (D:9)
  A crimson imp (D:9)
  2 hounds
  An orc wizard (D:7)
  A mummy (Ossuary)
  An adder (D:9)
  2 gnolls
  5 orcs
  A hobgoblin zombie (Ossuary)
  A rat zombie (Ossuary)
21 creatures vanquished.

Vanquished Creatures (others)
  A sky beast (D:9)
  4 hexers
5 creatures vanquished.

Grand Total: 294 creatures vanquished

Notes
Turn   | Place    | Note
-------+----------+-------------------------------------------
     0 | D:1      | kae the Draconian Transmuter began the quest for the Orb.
     0 | D:1      | Reached XP level 1. HP: 16/16 MP: 3/3
    32 | D:1      | Reached XP level 2. HP: 7/23 MP: 3/5
   398 | D:1      | Learned a level 2 spell: Sticks to Snakes
   507 | D:1      | Reached XP level 3. HP: 28/28 MP: 4/6
  1652 | D:2      | Reached skill level 4 in Unarmed Combat
  1978 | D:2      | Reached XP level 4. HP: 34/35 MP: 7/7
  2383 | D:3      | Reached XP level 5. HP: 30/40 MP: 9/9
  2581 | D:3      | Found a faded altar of an unknown god,
  2865 | D:3      | Noticed a hippogriff
  2907 | D:2      | Learned a level 3 spell: Spider Form
  2912 | D:2      | Learned a level 4 spell: Ice Form
  3029 | D:3      | Reached skill level 5 in Unarmed Combat
  3278 | D:3      | Reached XP level 6. HP: 30/47 MP: 8/11
  3435 | D:3      | Killed a hippogriff
  3788 | D:4      | Found a staircase to the Ecumenical Temple,
  3797 | Temple   | Entered the Ecumenical Temple
  3810 | Temple   | Became a worshipper of Hepliaklqana the Forgotten
  3895 | D:4      | Reached skill level 6 in Unarmed Combat
  3895 | D:4      | Your scales start taking on a fiery red colour.
  3895 | D:4      | Reached XP level 7. HP: 29/46 MP: 8/12
  3895 | D:4      | Gained mutation: Your flesh is heat resistant. (rF+) [Red
                  | Draconian growth]
  3915 | D:4      | Found a glowing drain,
  3919 | Sewer    | Entered a sewer
  4245 | Sewer    | Found a white marble altar of Elyvilon,
  4558 | D:4      | Noticed Eustachio
  4567 | D:4      | Killed Eustachio
  4777 | D:5      | Entered Level 5 of the Dungeon
  4777 | D:5      | Reached * piety under Hepliaklqana
  4836 | D:5      | Reached skill level 7 in Unarmed Combat
  5159 | D:5      | Found Fefiokli's Armour Emporium,
  5167 | D:5      | Bought a +0 pair of gloves of strength for 149 gold pieces
  5259 | D:5      | Found a sacrificial altar of Ru,
  5283 | D:5      | Reached skill level 5 in Transmutations
  5283 | D:5      | Reached XP level 8. HP: 42/53 MP: 10/14
  5876 | D:6      | Reached ** piety under Hepliaklqana
  5892 | D:6      | Remembered your ancestor Caliana as a hexer
  5914 | D:6      | Reached skill level 5 in Spellcasting
  5977 | D:6      | Reached skill level 8 in Unarmed Combat
  6090 | D:6      | Found a stormy altar of Qazlal,
  6093 | D:6      | Noticed an air elemental
  6752 | D:6      | Noticed Blork the orc
  6762 | D:6      | Killed Blork the orc
  7494 | D:7      | Reached XP level 9. HP: 57/57 MP: 13/17
  7692 | D:7      | Reached skill level 9 in Unarmed Combat
  8535 | D:8      | Killed an unseen horror
  8644 | D:8      | Reached skill level 10 in Unarmed Combat
  8652 | D:8      | Noticed Erica
  8663 | D:8      | Killed Erica
  8805 | D:8      | Found a sand-covered staircase,
  8824 | Ossuary  | Entered an ossuary
  8924 | Ossuary  | Reached *** piety under Hepliaklqana
  9054 | D:8      | Reached XP level 10. HP: 63/63 MP: 20/20
  9168 | D:8      | Noticed Gastronok
  9177 | D:8      | Noticed Grum
  9859 | D:7      | Learned a level 5 spell: Blade Hands
  9949 | D:8      | Reached skill level 11 in Unarmed Combat
 10147 | D:8      | Noticed a two-headed ogre
 10155 | D:8      | Killed a two-headed ogre
 10257 | D:9      | Noticed Prince Ribbit
 10264 | D:9      | Killed Prince Ribbit
 11206 | D:9      | Found a staircase to the Orcish Mines,
 11208 | D:9      | Reached skill level 12 in Unarmed Combat
 11654 | D:9      | Noticed a two-headed ogre
 11666 | D:9      | Killed a two-headed ogre
 11666 | D:9      | Reached XP level 11. HP: 28/69 MP: 14/23
 11912 | D:9      | Noticed a two-headed ogre
 11921 | D:9      | Killed a two-headed ogre
 12217 | D:10     | Entered Level 10 of the Dungeon
 12295 | D:10     | Reached **** piety under Hepliaklqana
 12487 | D:10     | Noticed Snorg
 12495 | D:10     | HP: 4/82 [Snorg (3)]
 12495 | D:10     | Mangled by Snorg

Levels and vault maps discovered:
D:1:      minmay_arrival_stone_box, layout_basic,
          chequers_serial_rivers_small_b, st_stairs_5, hangedman_decor_push
D:2:      minmay_chambers_of_twos, layout_basic
D:3:      layout_rooms, first_ration, chequers_ecumenical_altar_simple,
          minmay_misc_feat_roman, minmay_box_of_dots
D:4:      layout_loops_cross, minmay_temple_entry_waves, gup_sewer_entry_bowl,
          uniq_eustachio
D:5:      layout_gridville, nicolae_ru_awakened_eye, serial_glass,
          glass_columns_a, glass_columns_b, serial_shops, nicolae_shop_stone,
          minmay_crossroads
D:6:      layout_basic, nicolae_qazlal_style_of_elements, uniq_blork_the_orc
D:7:      layout_basic
D:8:      minmay_opposing_rooms, layout_loops_ring, enter_ossuary_3, uniq_erica,
          uniq_gastronok, uniq_grum
D:9:      layout_loops_corners, erik_orc_4, grunt_pizzeria, uniq_prince_ribbit1
D:10:     layout_loops_ring, serial_glass, glass_columns_c, glass_columns_a,
          glass_columns_a, glass_columns_a, grunt_decor_arrowhead, uniq_snorg
Temple:   nicolae_temple_the_god_donut

Skill      XL: |  1  2  3  4  5  6  7  8  9 10 11 |
---------------+----------------------------------+-----
Unarmed Combat | 4 5 6 7 8 10 12 | 12.4
Transmutations | 3 4 5 6 7 8 9 |  9.1
Spellcasting   | 3 4 5 6 8 |  8.3
Fighting       | |  1.1
Dodging        | |  1.7

Action                   |  1- 3 |  4- 6 |  7- 9 | 10-12 || total
-------------------------+-------+-------+-------+-------++-------
Melee: Unarmed           |   136 |   134 |   302 |   200 ||   772
       Tailslap          |    20 |     9 |    14 |     9 ||    52
       Headbutt          |     2 |     4 |     1 |       ||     7
       Kick              |    14 |     8 |       |       ||    22
       Punch             |     1 |     4 |     4 |     5 ||    14
 Cast: Beastly Appendage |    20 |    17 |     5 |     1 ||    43
       Sticks to Snakes  |     3 |       |       |       ||     3
       Spider Form       |       |     4 |    30 |       ||    34
       Ice Form          |       |       |     3 |    19 ||    22
       Blade Hands       |       |       |       |     1 ||     1
Invok: Recall Ancestor   |       |       |     1 |       ||     1
       Ancestor Life: He |       |       |     1 |       ||     1
 Abil: Breathe Fire      |       |       |     2 |     4 ||     6
       End Transformatio |       |       |     1 |       ||     1
  Use: Scroll            |     4 |     5 |    16 |     3 ||    28
       Potion            |       |     2 |     2 |     1 ||     5
 Stab: Distracted        |       |       |     1 |     2 ||     3
       Sleeping          |       |       |     1 |       ||     1
       Confused          |       |       |       |     1 ||     1
  Eat: Chunk             |     3 |     8 |    15 |    13 ||    39
       Ration            |       |       |     1 |     1 ||     2
Armor: Skin              |    48 |    46 |    43 |    61 ||   198
Dodge: Dodged            |   117 |    80 |   161 |   104 ||   462

Table legend:
 A = Non-vault XP
 B = Vault XP
 C = Vault XP percentage of total XP
 D = Non-vault monster count
 E = Vault monster count
 F = Vault count percentage of total count
                 A         B        C        D         E       F
            +---------+---------+-------+---------+---------+-------
      Total |    8890 |    4130 |  31.7 |     203 |      86 |  29.8
            +---------+---------+-------+---------+---------+-------
        D:1 |      42 |       3 |   6.7 |      22 |       2 |   8.3
        D:2 |      47 |      23 |  32.9 |      18 |       8 |  30.8
        D:3 |     518 |       7 |   1.3 |      24 |       4 |  14.3
        D:4 |     244 |     204 |  45.5 |      11 |       5 |  31.2
        D:5 |     251 |       3 |   1.2 |      11 |       2 |  15.4
        D:6 |     864 |      94 |   9.8 |      16 |       1 |   5.9
        D:7 |    1033 |     115 |  10.0 |      33 |       1 |   2.9
        D:8 |    1556 |    2547 |  62.1 |      14 |      14 |  50.0
        D:9 |    3918 |     931 |  19.2 |      45 |      18 |  28.6
       D:10 |     417 |       0 |   0.0 |       9 |       0 |   0.0
      Sewer |       0 |     124 | 100.0 |       0 |      10 | 100.0
    Ossuary |       0 |      79 | 100.0 |       0 |      21 | 100.0
            +---------+---------+-------+---------+---------+-------
